 Dungeon Crawl Stone Soup version 0.23-a0-54-gae6112e (webtiles) character file.

24 Amnesiac the Conjurer (level 2, -2/19 HPs)
             Began as a Mummy Conjurer on Aug 8, 2018.
             Killed by divine providence
             ... invoked by an orc priest
              (13 damage)
             ... on level 3 of the Dungeon.
             The game lasted 00:01:20 (529 turns).

Amnesiac the Conjurer (Mummy Conjurer)               Turns: 529, Time: 00:01:21

Health: -2/19      AC:  2    Str: 11    XL:     2   Next: 79%
Magic:  1/6        EV: 12    Int: 14    God:
Gold:   21         SH:  0    Dex: 12    Spells: 5/8 levels left

rFire    x . .     SeeInvis +   h - +1 mace (crush)
rCold    + . .     Gourm    .   (no shield)
rNeg     + + +     Faith    .   e - +0 robe
rPois    ∞         Spirit   .   (no helmet)
rElec    .         Reflect  .   (no cloak)
rCorr    .         Harm     .   (no gloves)
MR       .....                  (no boots)
Stlth    ++........             (no amulet)
HPRegen  0.06/turn              b - ring of see invisible
MPRegen  0.10/turn              (no ring)

@: no status effects
A: no food or potions, fire vulnerability, cold resistance 1, negative energy
resistance 3, torment resistance, unbreathing
a: no special abilities


You were on level 3 of the Dungeon.
You were not hungry.

You visited 1 branch of the dungeon, and saw 3 of its levels.

You collected 21 gold pieces.

Inventory:

Hand Weapons
 a - a +0 hunting sling
 h - a +1 mace of crushing (weapon)
Missiles
 f - 19 stones (quivered)
Armour
 e - a +0 robe (worn)
Jewellery
 b - a ring of see invisible (left hand)
Scrolls
 c - a scroll of amnesia {!r, unknown}
 d - a scroll of immolation {!r, unknown}
 g - a scroll of magic mapping {!r, unknown}


   Skills:
 - Level 1.5 Dodging
 - Level 1.5 Stealth
 + Level 3.6 Spellcasting
 * Level 3.6 Conjurations


You had 5 spell levels left.
You knew the following spells:

 Your Spells              Type           Power        Failure   Level  Hunger
a - Magic Dart            Conj           ##..         4%          1    N/A
d - Searing Ray           Conj           ##....       7%          2    N/A

Your spell library contained the following spells:

 Spells                   Type           Power        Failure   Level  Hunger
 Iskenderun's Mystic Bla  Conj           ##......     41%         4    N/A
 Fulminant Prism          Conj/Hex       #.........   67%         4    N/A
 Dazzling Spray           Conj/Hex       #.....       28%         3    N/A
 Force Lance              Conj/Tloc      #.......     67%         4    N/A

Dungeon Overview and Level Annotations

Branches:
Dungeon (3/15)

Altars:


Innate Abilities, Weirdness & Mutations

You do not eat or drink.
Your flesh is vulnerable to fire.
You are immune to poison.
Your flesh is cold resistant. (rC+)
You are immune to negative energy. (rN+++)
You are immune to unholy pain and torment.
You can survive without breathing.


Message History

Aim: an orc, wielding a mace of crushing The searing ray hits the orc.
The orc is almost dead. (Press . to maintain the ray.)
The orc barely misses you.
The searing ray misses the orc.
The searing ray hits the orc.
The orc is heavily wounded.
The searing ray hits the orc.
You kill the orc!
An orc priest comes into view.
The orc hits you but does no damage.
The searing ray hits the orc.
You kill the orc!
You finish channeling your searing ray.
A goblin comes into view. It is wielding a club.
Press: ? - help, v - describe, . - travel
Here: an orc, wielding a mace of crushing (almost dead)
The floor.
Casting: Searing Ray (safe; 7% risk of failure)
Confirm with . or Enter, or press ? or * to list all spells.
Aiming: Magic Dart (safe; 4% risk of failure)
Press: ? - help, Shift-Dir - straight line, f/p - orc
Aim: an orc, wielding a mace of crushing (almost dead)
The magic dart hits the orc.
You kill the orc!
You see here a mace of crushing.
h - a mace of crushing The orc priest hits you but does no damage.
Wield which item (- for none, * to show all)? (? for menu, Esc to quit)
h - a +1 mace of crushing (weapon)
You hit the orc priest.
The orc priest is moderately wounded.
The orc priest hits you. x2
You hit the orc priest but do no damage.
The orc priest is moderately wounded.
The orc priest misses you.
You aren't carrying any items that you can evoke.
You completely miss the orc priest.
The orc priest is moderately wounded.
The orc priest closely misses you. The orc priest barely misses you.
You hit the orc priest but do no damage.
The orc priest is moderately wounded.
The orc priest casts a cantrip, but nothing happens.
Unknown command.
Casting: Magic Dart (safe; 4% risk of failure)
Confirm with . or Enter, or press ? or * to list all spells.
Aiming: Magic Dart (safe; 4% risk of failure)
Press: ? - help, Shift-Dir - straight line, f - orc priest
Aim: an orc priest, wearing a ring mail (moderately wounded)
The magic dart hits the orc priest.
The orc priest is moderately wounded.
The orc priest completely misses you.
Unknown command.
You hit the orc priest.
The orc priest is heavily wounded.
The orc priest miscasts a cantrip.
Unknown command.
You hit the orc priest but do no damage.
The orc priest is heavily wounded.
The orc priest hits you.
The orc priest calls down the wrath of Beogh upon you.
Beogh smites you!
Ouch! That really hurt!
You die...

#.........#
#######.........#
#<.........†....#
#<..............#
#...............#
#...............#
###...............#
..................#
................@.# .
.................o####....
.........##........>)og...
.........##........#######
....#######........# ....#
..........#
....#####..........#
...................#
)..#................


You could see an orc priest.

Vanquished Creatures
  A dart slug (D:2)
  A leopard gecko (D:3)
  3 orcs (D:3)
  A giant cockroach (D:3)
  4 goblins
  A hobgoblin (D:1)
  2 kobolds
  3 frilled lizards
  2 rats
18 creatures vanquished.

Notes
Turn   | Place    | Note
-------+----------+-------------------------------------------
     0 | D:1      | Amnesiac the Mummy Conjurer began the quest for the Orb.
     0 | D:1      | Reached XP level 1. HP: 13/13 MP: 4/4
   346 | D:2      | Reached XP level 2. HP: 19/19 MP: 4/6
   350 | D:2      | Learned a level 2 spell: Searing Ray
   529 | D:3      | Killed from afar by an orc priest

Vault maps used:
D:1:      doesnt_arrival_eight_statues
D:3:      kennysheep_goblin_castle, grunt_decor_fettered

Skill      XL: |  1 |
---------------+----+-----
Spellcasting   | 3 |  3.6
Dodging        | |  1.5
Stealth        | |  1.5
Conjurations   | |  3.6

Action                   || total
-------------------------++-------
Melee: Unarmed           ||     7
       Mace              ||     6
 Fire: Hunting sling     ||     4
 Cast: Magic Dart        ||    22
       Searing Ray       ||     2
Armor: Robe              ||     1
Dodge: Dodged            ||    16

Table legend:
 A = Spawn XP
 B = Non-spawn XP
 C = Spawn XP percentage of total XP
 D = Spawn monster count
 E = Non-spawn monster count
 F = Spawn count percentage of total count
 G = Total turns spent on level
                    A         B        C        D         E        F      G
               +---------+---------+-------+---------+---------+-------+---------
         Total |       0 |      35 |   0.0 |       0 |      18 |   0.0 |   529
               +---------+---------+-------+---------+---------+-------+---------
           D:1 |       0 |       3 |   0.0 |       0 |       2 |   0.0 |   130
           D:2 |       0 |      13 |   0.0 |       0 |       7 |   0.0 |   298
           D:3 |       0 |      19 |   0.0 |       0 |       9 |   0.0 |   101
               +---------+---------+-------+---------+---------+-------+---------
